Cogmind - Beta 10.2 @@@ ROGUE MODE // 2021.12.15 @ 13:26:12 Player: NM-Z Result: Destroyed by DAS Turret with DAS Cannon Performance ------------- Evolutions (1) 500 Regions Visited (5) 1000 Robots Destroyed (60) 300 Value Destroyed (1148) 1148 Prototype IDs (23) 460 Alien Tech Used (0) 0 Bonus (-138) -138 TOTAL SCORE: 3270 Bonus ------- Follower Combat Kills 14 Aligned with FarCom 300 Friendly Fire -452 Cogmind --------- Core Integrity 0/400 Matter 71/300 Energy 100/100 System Corruption 0% Temperature Cool (0) Movement Core (550) Ox10 Location -9/Exiles Parts ------- > --- POWER (1) -------- (None) > --- PROPULSION (3) --- (None) > --- UTILITY (3) ------ Large Storage Unit Large Storage Unit > --- WEAPON (2) ------- (None) > --- INVENTORY (16) --- Faulty Experimental Sensor Array Latent Energy Streamer Heavy Assault Rifle Autogun Power Maul Signal Generator Peak State ------------ > --- POWER ------------ Light Nuclear Core > --- PROPULSION ------- Improved Treads Improved Treads Improved Treads > --- UTILITY ---------- Medium Storage Unit Large Storage Unit Medium Armor Plating > --- WEAPON ----------- Heavy Assault Rifle Makeshift Shrapnel Gun > --- INVENTORY -------- Light Treads Light Armor Plating Medium Armor Plating Heavy Assault Rifle Autogun Autogun Autogun Rocket Launcher Rocket Launcher Proton Bomb Trap Proton Bomb Trap Proton Bomb Trap Proton Bomb Trap Signal Generator [Rating: 22] Favorites ----------- Power Light Nuclear Core Engine Light Ion Engine Power Core Light Nuclear Core Propulsion Improved Treads Treads Improved Treads Leg Aluminum Leg Utility Large Storage Unit Device Improved Terrain Scanner Storage Large Storage Unit Protection Hardened Light Armor Plating Weapon Heavy Assault Rifle Ballistic Gun Heavy Assault Rifle Launcher Rocket Launcher Impact Weapon Power Maul Build | -11 -10 -10 -9 -9 -9 ------- Run | Scr Mat Min Mat Min Exi Slots Evolved 2 | . . . 2 . . Power . | . . . . . . Propulsion 1 | . . . 1 . . Utility 1 | . . . 1 . . Weapon . | . . . . . . Parts Attached 72 | 7 6 10 27 10 12 Power 3 | 1 . 2 . . . Engine 2 | 1 . 1 . . . Core 1 | . . 1 . . . Reactor . | . . . . . . Propulsion 14 | 2 . 2 9 . 1 Treads 12 | 2 . . 9 . 1 Leg 2 | . . 2 . . . Wheel . | . . . . . . Hover . | . . . . . . Flight . | . . . . . . Utility 14 | 2 2 2 4 1 3 Device 2 | 1 . 1 . . . Storage 6 | 1 1 1 1 . 2 Processor . | . . . . . . Hackware . | . . . . . . Protection 6 | . 1 . 3 1 1 Artifact . | . . . . . . Weapon 41 | 2 4 4 14 9 8 Energy Gun . | . . . . . . Energy Cannon . | . . . . . . Ballistic Gun 29 | 2 2 3 12 5 5 Ballistic Cannon . | . . . . . . Launcher 9 | . 2 1 2 1 3 Special Weapon . | . . . . . . Impact Weapon 3 | . . . . 3 . Slashing Weapon . | . . . . . . Piercing Weapon . | . . . . . . Special Melee Weapon . | . . . . . . Unidentified Prototypes . | . . . . . . Parts Lost 17 | . . 4 . . 13 Power 3 | . . 2 . . 1 Propulsion 5 | . . 1 . . 4 Utility 3 | . . 1 . . 2 Weapon 6 | . . . . . 6 Highest Loss Streak 5 | . . 2 . . 5 Average Slot Usage (%) 96 | . 100 96 96 100 89 Engine 2 | . 14 1 . . . Core 8 | . . 10 11 11 7 Treads 25 | . 28 6 30 33 27 Leg 4 | . . 21 1 . . Device 1 | . 5 2 . . . Storage 20 | . 14 21 22 22 22 Protection 8 | . 8 1 8 11 10 Ballistic Gun 22 | . 27 28 21 21 14 Impact Weapon 1 | . . . . . 6 Naked Turns . | . . . . . . Heaviest Build 48 | 12 26 30 42 42 48 Greatest Support 69 | 40 40 40 69 69 69 Greatest Overweight (x) 10 | . . 8 1 . 10 Average Overweight (x) . | . . . . . . Largest Inventory Capacity 16 | 6 10 12 14 14 16 Average Capacity 12 | 5 8 11 12 14 15 Most Carried 14 | . 10 12 14 14 14 Average Carried 11 | . 6 10 12 13 10 Final Capacity 16 | 6 10 12 14 14 16 Final Carried 14 | . 10 12 14 14 6 Class Distribution -------------------- 59% | Scavenger-Mutant 40% | Mutant Dominant Class ---------------- Mutant | -10/Materials Scavenger-Mutant | -10/Mines Scavenger-Mutant | -9/Materials Scavenger-Mutant | -9/Mines Mutant | -9/Exiles Resources | -11 -10 -10 -9 -9 -9 ----------- Run | Scr Mat Min Mat Min Exi Matter Collected 1868 | 288 283 306 429 372 190 Remotely . | . . . . . . Salvage Created 1962 | 110 419 414 829 79 111 Parts 130 | 4 31 22 63 10 . Haulers Intercepted 6 | . 2 . 4 . . Recyclers Shooed 2 | . 1 1 . . . Parts Field Recycled . | . . . . . . Retrieved Matter . | . . . . . . Parts Self-Destructed . | . . . . . . Prevented . | . . . . . . Kills | -11 -10 -10 -9 -9 -9 ------- Run | Scr Mat Min Mat Min Exi Combat Hostiles Destroyed 44 | . 12 7 13 6 6 Guns 25 | . 5 6 11 2 1 AOE 19 | . 7 1 2 4 5 Classes Destroyed 11 | 2 4 1 2 1 1 Worker 2 | . . 2 . . . Builder 1 | . . . 1 . . Tunneler 2 | 1 . 1 . . . Hauler 6 | . 2 . 4 . . Recycler 6 | 1 1 2 2 . . Watcher 4 | . 1 . 3 . . Swarmer 17 | . 6 3 4 4 . Grunt 15 | . 6 4 4 1 . Duelist 1 | . . . . 1 . Sentry 5 | . . . 5 . . Assembled 7 | . . . . . 7 Best Kill Streak 5 | 2 5 3 5 4 5 Combat Bots Only 5 | . 4 3 4 4 5 Max Kills in Single Turn 4 | 1 3 1 2 3 4 Gunslinging 1 | . . . 1 . . Exploded 4 | . 3 1 1 3 4 Melee . | . . . . . . Uniques/NPCs Destroyed 1 | . . . . . 1 8R-AWN (-9/Exiles) Combat | -11 -10 -10 -9 -9 -9 -------- Run | Scr Mat Min Mat Min Exi Damage Taken 3491 | . 248 415 556 211 2061 Core 543 | . 41 65 46 7 384 Absorbed by Shields . | . . . . . . Core Remaining (%) 78 | 100 . 57 . . . Volleys Fired 171 | 3 35 35 47 8 43 Largest 2 | 2 2 2 2 2 2 Hottest 56 | 40 50 53 56 56 47 Shots Fired 331 | 6 69 70 93 16 77 Gun 311 | 6 65 69 90 13 68 Cannon . | . . . . . . Launcher 20 | . 4 1 3 3 9 Special . | . . . . . . Kinetic 311 | 6 65 69 90 13 68 Thermal . | . . . . . . Explosive 20 | . 4 1 3 3 9 Electromagnetic . | . . . . . . Robot Hit Streak 24 | 5 11 13 18 12 24 Robot Miss Streak 4 | . 4 3 2 3 2 Penetration Max . | . . . . . . Secondary Targets 4 | . . 1 2 1 . Max Gunslinging Chain 1 | . . 1 1 1 . Shots Hit Robots 248 | 5 51 50 68 11 63 Core Hits 116 | 3 27 17 31 10 28 Critical Hits 2 | . 1 . 1 . . Critical Kills . | . . . . . . Critical Parts Destroyed 2 | . 1 . 1 . . Melee Attacks 10 | . . . . 10 . Impact 10 | . . . . 10 . Slashing . | . . . . . . Piercing . | . . . . . . Sneak Attacks . | . . . . . . Combat Hostiles . | . . . . . . Follow-up Attacks . | . . . . . . Damage Inflicted 5305 | 60 1020 735 1460 438 1592 Guns 3614 | 60 640 628 1177 199 910 Cannons . | . . . . . . Explosions 1683 | . 380 99 283 239 682 Melee . | . . . . . . Ramming 8 | . . 8 . . . Kinetic 3614 | 60 640 628 1177 199 910 Thermal . | . . . . . . Explosive 1683 | . 380 99 283 239 682 Electromagnetic . | . . . . . . Impact . | . . . . . . Slashing . | . . . . . . Piercing . | . . . . . . Highest Corruption . | . . . . . . Average Corruption . | . . . . . . Corruption Purged . | . . . . . . Overload Shots . | . . . . . . Overflow Damage 8 | . . 1 5 . 2 Projectiles . | . . . . . . Explosions 8 | . . 1 5 . 2 Melee . | . . . . . . Knockbacks . | . . . . . . Impact . | . . . . . . Kinetic . | . . . . . . Secondary . | . . . . . . Self-Inflicted Damage 1 | . . 1 . . . Shots 1 | . . 1 . . . Rammed 1 | . . 1 . . . Targets Rammed 1 | . . 1 . . . Kicked . | . . . . . . Crushed . | . . . . . . Highest Temperature 44 | . 5 43 44 18 28 Average Temperature 12 | . 2 26 12 7 15 Received Heat Transfer 459 | . 93 162 168 36 . Siege Activations . | . . . . . . Robots Corrupted . | . . . . . . Combat Hostiles . | . . . . . . Parts Fried . | . . . . . . Impact Corruptions . | . . . . . . Robots Melted . | . . . . . . Combat Hostiles . | . . . . . . Parts Melted . | . . . . . . Heat Transferred . | . . . . . . Parts Sabotaged . | . . . . . . Parts Stolen . | . . . . . . Parts Stripped . | . . . . . . Power Chain Reactions . | . . . . . . Missiles Intercepted . | . . . . . . Alert | -11 -10 -10 -9 -9 -9 ------- Run | Scr Mat Min Mat Min Exi Peak Influence 394 | 10 276 254 394 184 . Initial 134 | . 6 84 . 134 . Average 111 | 2 137 91 284 57 . Maximum Alert Level 1 | . 1 1 1 . . Low Security (%) 77 | 100 71 80 13 100 . Level 1 22 | . 28 19 86 . . Level 2 . | . . . . . . Level 3 . | . . . . . . Level 4 . | . . . . . . Level 5 . | . . . . . . High Security . | . . . . . . Max Security . | . . . . . . Squads Dispatched 5 | . 2 . 2 1 . Investigation 3 | . 2 . . 1 . Extermination . | . . . . . . Reinforcement 2 | . . . 2 . . Assault . | . . . . . . Garrison . | . . . . . . Intercept . | . . . . . . Construction Impeded . | . . . . . . Haulers Reinforced . | . . . . . . Stealth | -11 -10 -10 -9 -9 -9 --------- Run | Scr Mat Min Mat Min Exi Distress Signals 2 | . . . . 2 . Communications Jammed . | . . . . . . Distress Signals . | . . . . . . Times Spotted 73 | . 20 8 25 7 13 Peak Tracking Total 7 | . 4 2 6 4 7 Tactical Retreats 7 | . 1 1 3 . 2 Traps | -11 -10 -10 -9 -9 -9 ------- Run | Scr Mat Min Mat Min Exi Traps Triggered . | . . . . . . Indirectly . | . . . . . . Trap Hack Attempts . | . . . . . . Triggered . | . . . . . . Disarmed . | . . . . . . Reprogrammed . | . . . . . . Reused 1 | . . . . . 1 Traps Extracted . | . . . . . . Installed 3 | . . . . . 3 Triggered . | . . . . . . Machines | -11 -10 -10 -9 -9 -9 ---------- Run | Scr Mat Min Mat Min Exi Machines Disabled 6 | . 1 . . . 5 Max in Single Turn 2 | . 1 . . . 2 Machines Sabotaged . | . . . . . . Garrisons Compromised . | . . . . . . Overloaded Fab Kills . | . . . . . . Fab Network Shutdowns . | . . . . . . Hacking | -11 -10 -10 -9 -9 -9 --------- Run | Scr Mat Min Mat Min Exi Machines Accessed 12 | . 8 . 2 1 1 Terminals 7 | . 6 . 1 . . Fabricators . | . . . . . . Repair Stations 1 | . . . 1 . . Recycling Units 2 | . 2 . . . . Scanalyzers . | . . . . . . Garrison Access . | . . . . . . Total Hacks 30 | . 23 . 5 1 1 Successful 14 | . 10 . 2 1 1 Failed 15 | . 12 . 3 . . Catastrophic . | . . . . . . Database Lockouts 1 | . 1 . . . . Manual 24 | . 21 . 2 . 1 Terminals 22 | . 19 . 3 . . Fabricators . | . . . . . . Repair Stations 2 | . . . 2 . . Recycling Units 4 | . 4 . . . . Scanalyzers . | . . . . . . Garrison Access . | . . . . . . Terminal Hacks 9 | . 6 . 1 1 1 Robot Analysis 5 | . 4 . 1 . . Open Door 1 | . . . . 1 . Terminal Index 1 | . 1 . . . . Locate Traps 1 | . 1 . . . . EX-Prototype ID Bank 1 | . . . . . 1 Fabricator Hacks . | . . . . . . Repair Station Hacks . | . . . . . . Recycling Unit Hacks 1 | . 1 . . . . Report Inventory 1 | . 1 . . . . Scanalyzer . | . . . . . . Garrison Access Hacks . | . . . . . . Unauthorized Hacks 4 | . 3 . 1 . . Terminals 3 | . 2 . 1 . . Track 2 | . 1 . 1 . . Assimilate 1 | . 1 . . . . Fabricators . | . . . . . . Repair Stations . | . . . . . . Recycling Units 1 | . 1 . . . . Tunnel 1 | . 1 . . . . Scanalyzers . | . . . . . . Garrison Access . | . . . . . . Data Cores Recovered . | . . . . . . Used . | . . . . . . Hacking Detections 8 | . 6 . 2 . . Full Trace Events 1 | . 1 . . . . Feedback Events . | . . . . . . Feedback Blocked . | . . . . . . Robot Schematics Acquired . | . . . . . . Robots Built . | . . . . . . Matter . | . . . . . . Time . | . . . . . . Total Robot Build Rating . | . . . . . . Part Schematics Acquired . | . . . . . . Parts Built . | . . . . . . Matter . | . . . . . . Time . | . . . . . . Total Part Build Rating . | . . . . . . Parts Repaired . | . . . . . . Time . | . . . . . . Parts Recycled . | . . . . . . Recycled Matter . | . . . . . . Retrieved Matter . | . . . . . . Retrieved Components . | . . . . . . Parts Scanalyzed . | . . . . . . Part Schematics Acquired . | . . . . . . Parts Damaged . | . . . . . . Bothacking | -11 -10 -10 -9 -9 -9 ------------ Run | Scr Mat Min Mat Min Exi Used RIF Installer . | . . . . . . Robots Hacked . | . . . . . . Non-combat . | . . . . . . Combat . | . . . . . . Robot Hacks Applied . | . . . . . . Relay Couplers Released . | . . . . . . Robots Rewired . | . . . . . . Allies Hacked . | . . . . . . Hacks Repelled . | . . . . . . Allies | -11 -10 -10 -9 -9 -9 -------- Run | Scr Mat Min Mat Min Exi Total Allies 3 | . 1 . . 2 . Largest Group 2 | . 1 . . 2 . Highest-Rated Group 39 | . 10 . . 39 . Highest-Rated Ally 31 | . 10 . . 31 . Total Orders . | . . . . . . Ally Attacks 10 | . . . . 10 . Total Damage 107 | . . . . 107 . Kills 2 | . . . . 2 . Allies Corrupted . | . . . . . . Allies Melted . | . . . . . . Intel | -11 -10 -10 -9 -9 -9 ------- Run | Scr Mat Min Mat Min Exi Robot Analysis Total 5 | . 4 . 1 . . Derelict Logs Recovered 4 | . . 2 . 2 . Drone Launches . | . . . . . . Drone Recoveries . | . . . . . . Exploration | -11 -10 -10 -9 -9 -9 ------------- Run | Scr Mat Min Mat Min Exi Turns Passed 6042 | 109 771 1158 732 2051 1221 Spaces Moved 3180 | 55 372 667 330 1190 566 Core 5 | 2 . 1 . . 2 Treads 2601 | 53 372 110 312 1190 564 Legs 574 | . . 556 18 . . Wheels . | . . . . . . Hover . | . . . . . . Flight . | . . . . . . Fastest Speed 50 | 50 160 150 150 160 160 Average Speed 160 | 156 160 152 159 160 170 Slowest Speed 550 | 160 160 450 180 160 550 Overloaded Moves . | . . . . . . Propulsion Burnouts . | . . . . . . Robots Hopped . | . . . . . . Cave-ins Triggered . | . . . . . . Exploration Rate (%) 59 | 4 63 94 37 99 61 Regions Visited 5 Branch Regions 3 Pre-discovered Areas 2 | . 1 . . 1 . Known Exits Taken 1 | . . 1 . . . Unknown Exits Taken 4 | 1 1 . 1 1 . Scrap Searched 4 | . . 1 . 3 . Spaces Dug 2 | . . . . 2 . Terrain Destroyed 124 | . 22 14 16 37 35 Melee 2 | . . . . 2 . Projectile . | . . . . . . AOE 122 | . 22 14 16 35 35 Terrain Rammed . | . . . . . . Walls Destroyed . | . . . . . . Machines Disabled . | . . . . . . Actions | -11 -10 -10 -9 -9 -9 --------- Run | Scr Mat Min Mat Min Exi Total 3796 | 69 480 739 451 1303 754 Wait 295 | 5 49 9 29 81 122 Move 3175 | 54 371 666 329 1189 566 Hop . | . . . . . . Pick Up 30 | . 13 9 4 2 2 Fast Attach 17 | 7 1 6 3 . . Attach 8 | . . 1 1 . 6 Detach 2 | . 1 . 1 . . Swap 47 | . 5 3 23 10 6 Drop 37 | . 5 9 14 3 6 Fire 171 | 3 35 35 47 8 43 Melee 10 | . . . . 10 . Ram . | . . . . . . Kick . | . . . . . . Crush 1 | . . 1 . . . Escape Stasis . | . . . . . . Rewire . | . . . . . . Trap 3 | . . . . . 3 Miscellaneous . | . . . . . . Route ------- -11/Scrapyard -10/Materials (discovered 3 exits: *Mat x2 / [*Min]) -10/Mines (discovered 2 exits: *Mat x2) -9/Materials (discovered 3 exits: [*Mat] / *Min / *Sto) -9/Mines (discovered 4 exits: [*Mat x2] / *Exi / [*Zio]) -9/Exiles History --------- Turn | Location | Event 7 | -11/Scrapyard | Discovered new exit (range 16) 110 | -11/Scrapyard | Entered Materials 303 | -10/Materials | Build established: Mutant 359 | -10/Materials | Discovered new exit (range 16) 559 | -10/Materials | Discovered new exit (range 6) 656 | -10/Materials | Discovered new exit (range 12) 680 | -10/Materials | Central database locked down 881 | -10/Materials | Entered Mines 890 | -10/Mines | Met a Derelict bent on vengeance 909 | -10/Mines | Discovered new exit (range 10) 1485 | -10/Mines | Build established: Scavenger-Mutant 1588 | -10/Mines | Identified exit to Materials 1636 | -10/Mines | Found a hidden stash of uninstalled traps 1687 | -10/Mines | Met a Derelict testing a Signal Generator 1700 | -10/Mines | Found Signal Generator 1869 | -10/Mines | A weapon hastily lodged in a ceiling crevice suddenly fell to the ground 2039 | -10/Mines | Entered Materials 2039 | -9/Materials | Evolved 2 slots: Propulsion x1, Utility x1 2040 | -9/Materials | Identified exit to Storage 2285 | -9/Materials | Discovered new exit (range 12) 2375 | -9/Materials | Discovered new exit (range 16) 2771 | -9/Materials | Entered Mines 2821 | -9/Mines | Discovered new exit (range 10) 2933 | -9/Mines | Met a Derelict shopkeep closing up shop 3058 | -9/Mines | Discovered new exit (range 8) 3062 | -9/Mines | A Derelict revealed a hidden shortcut to a safe place 3162 | -9/Mines | Learned location of Zion (-7) 3598 | -9/Mines | Learned Materials emergency access door positions 3802 | -9/Mines | Found a damaged Exp. Sensor Array with a note attached 3806 | -9/Mines | Found Prototype Device 4296 | -9/Mines | Excavation squad dispatched 4296 | -9/Mines | A large section of the Mines collapsed 4814 | -9/Mines | Deemed a non-threat by the Exiles lab entrance 4815 | -9/Mines | Discovered new exit (range 5) 4822 | -9/Mines | Entered Exiles 4861 | -9/Exiles | Met 8R-AWN 4888 | -9/Exiles | Met EX-HEX 4934 | -9/Exiles | Met EX-BIN 4954 | -9/Exiles | Aligned with FarCom system 4955 | -9/Exiles | Given EX-Vault access code 5000 | -9/Exiles | Opened EX-Vault 5046 | -9/Exiles | Warned to stay clear of 0b10 Research branches 5094 | -9/Exiles | Met EX-DEC 5101 | -9/Exiles | Build established: Mutant 5574 | -9/Exiles | Attacked by the Exiles 5678 | -9/Exiles | Core integrity fell below 50% 5751 | -9/Exiles | Destroyed 8R-AWN 5781 | -9/Exiles | Lost 5 parts (3n2w) 5912 | -9/Exiles | Found Latent Energy Streamer 6030 | -9/Exiles | Core integrity fell below 20% 6043 | -9/Exiles | Destroyed by DAS Turret with DAS Cannon Last Messages --------------- 05746_ Penetrated by HV Slug. 05746_ Critical hit. 05746_ Autogun destroyed. 05746_ HV Slug penetrates Wall. 05750_ Penetrated by HV Slug. 05750_ Critical hit. 05750_ Imp. Treads destroyed. 05750_ HV Slug penetrates Components. 05751_ 8R-AWN destroyed. 05753_ Acquired 77 matter. 05793_ Acquired 13 matter. 05819_ Acquired Signal Generator. 05912_ Acquired Latent Energy Streamer. 06025_ Machine disabled. 06027_ Lgt. Treads destroyed. 06027_ Med. Armor Plating destroyed. 06029_ Knocked back. 06031_ Autogun destroyed. 06035_ Rocket Launcher destroyed. 06035_ Knocked back. Map ----- +----------------------------------------------------+ | ????????????????????????#" #??????????? | | ????????????????????????#" ## #??????????? | | ????????????????????????#""""""?# #?#########? | | ?????????????????????????#"###??# #?#"""""""#? | | ????????????????????????????????# #?#"""""""#? | | ????????????????????????????????# #?#"""""""#? | | ???????????????????????????????## ###"" """"#? | | ???????????????????????????????#" """"#? | | ???????????????????????????????#" """#? | | ???????????????????????????????#" """#? | | ???????????????????????????????#" """#? | | ???????????????????????????????#" """#? | | ??????????????????? ???????????#" """## | | ??????????????????" "??????????## """"" | | ??????????????????" ???????????# """## | | ?????????????????"" ???????????#" "X" """"? | | ?????????????????"" ??????????#" """ #? | | ????????????????? "??????????#" """""""""#? | | ??????????????????" "?????????##" ###########? | | ??????????????????# #????????##"" #??????????? | | ?????? #####????### ###?######"" #??????????? | | ????? """#####X# #"###""""""" ##????????## | | ????? """""" " "" ######### # | | ????? "" """ " ## ##"""" | | ????? " " """ | | ?????# @ "" | | ???????# | | ????????# | | ?????????# | | ?????????##" | | ??????????#""" """""" | | ?????????##" ######""" | | ?????????#"" ""##????#####""" | | ????????##""" """##?????????##""" | | ????????#""" """##???????????#"""" | | ????????#" " ""#???????????## | | ????????#" ########??####""" | | ????????# ## ####"" | | ????????# """" | | ????????## | | ?????????# | | ?????????## " | | ??????????#" " "" "" | | ??????????#"""" ""## ##" ""# | | ??????????#"" ""#### ######""" """# | | ??????????#" """"##??# #????###""""## | | ??????????#""" """#??## #####??######? | | ??????????## ""##??#! ! #????????? | | ???????????#"" """##???#" !##????????? | | ???????????##""" ##????#" #?????????? | +----------------------------------------------------+ Best States ------------- Heat Dissipation 35 Energy Generation 14 Energy Capacity 160 Matter Stores 300 Matter Capacity 300 Sight Range 16 Terrain Scan Range 16 Terrain Scan Density 10 Armor Coverage 225 Evasion (%) 40 Recoil Reduction 3 Item Schematics ----------------- None Robot Schematics ------------------ None Fabricated ------------ Nothing Alien Tech Used ----------------- None Achievements -------------- None Challenges ------------ None Game ------ Seed FocalGyrokineticAnalyzer Manual? 0 Play Time 00:40:45 Cumulative 144.1 hours Start 2021.12.15 @ 12:46:43 End 2021.12.15 @ 13:26:12 Sessions 1 Manual Loads 0 Difficulty Rogue Special Mode None Game No. 98 Rogue 96 Adventurer 2 Explorer 0 Win Type - Total 1 Types 1/0/0/0/0/0/0/0/0 Lore% 61 Gallery% 67 Achievement% 53 Wizard Run 0 Options --------- ASCII 1 Keyboard 1 Movement Vi Keybinds 0 Fullscreen 1 Font 20/SmallcapsGlow Map View 66x50 Tactical HUD 1 Map Filters NONE Filters NONE Steam 1 RUN: deafc386-308f-48fd-b178-575811ed31a2